 Dungeon Crawl Stone Soup version 0.29.0-4-gdea44cf6ec (webtiles) character file.

Game seed: 2605132470350630976

103 qw the Caller (level 4, -4/36 HPs)
             Began as a Ghoul Summoner on Sept 9, 2022.
             Slain by a black bear (6 damage)
             ... on level 3 of the Dungeon.
             The game lasted 00:01:23 (3519 turns).

qw the Caller (Ghoul Summoner)                      Turns: 3519, Time: 00:01:23

Health: -4/36      AC:  3    Str: 13    XL:     4   Next: 79%
Magic:  0/5        EV: 11    Int: 10    God:
Gold:   27         SH:  0    Dex:  9    Spells: 5/6 levels left

rFire   . . .      SeeInvis .   Y - +0 hand axe
rCold   + . .      Faith    .   (no shield)
rNeg    + + +      Spirit   .   k - +0 leather armour
rPois   inf        Reflect  .   (no helmet)
rElec   .          Harm     .   (no cloak)
rCorr   .          Rampage  .   (no gloves)
Will    .....                   (no boots)
Stlth   +.........              (no amulet)
HPRegen 0.00/turn               (no ring)
MPRegen 0.09/turn               (no ring)

@: inhibited regen
A: claws 1, cold resistance 1, negative energy resistance 3, inhibited
regeneration, torment resistance 2, devour on kill
a: no special abilities


You were on level 3 of the Dungeon.
You visited 1 branch of the dungeon, and saw 3 of its levels.

You collected 27 gold pieces.


Innate Abilities, Weirdness & Mutations

You are immune to poison.
You have sharp fingernails.
Your flesh is cold resistant. (rC+)
You are immune to negative energy. (rN+++)
You do not regenerate when monsters are visible.
You are immune to unholy pain and torment.
You thrive by killing the living.


   Skills:
 - Level 2.0 Fighting
 + Level 3.1 Axes
 - Level 0.6 Throwing
 - Level 1.7 Dodging
 - Level 2.1 Stealth
 - Level 1.7 Spellcasting
 - Level 3.6 Summonings


You had 5 spell levels left.
You knew the following spells:

 Your Spells              Type           Power      Damage    Failure   Level
a - Summon Small Mammal   Summ           32%        N/A       10%         1

Your spell library contained the following spells:

 Spells                   Type           Power      Damage    Failure   Level
 Call Imp                 Summ           8%         N/A       14%         2
 Call Canine Familiar     Summ           8%         N/A       28%         3
 Summon Guardian Golem    Hex/Summ       4%         N/A       52%         3
 Summon Lightning Spire   Summ/Air       4%         N/A       89%         4

Inventory:

Hand Weapons
 l - a +0 mace
 Y - a +0 hand axe (weapon)
Missiles
 i - 4 boomerangs (quivered)
Armour
 k - a +0 leather armour (worn)
Scrolls
 a - a scroll of immolation {unknown}
Potions
 b - a potion of attraction {unknown}
 c - a potion of haste {unknown}
 d - a potion of curing {unknown}
 e - a potion of heal wounds {unknown}
 f - a potion of berserk rage {unknown}
 g - a potion of lignification {unknown}
 h - a potion of degeneration {unknown}
 n - a potion of brilliance {unknown}

Dungeon Overview and Level Annotations

Branches:
Dungeon (3/15)

Altars:

Shops:
D:1 :   D:2 :


Message History

The black bear is moderately wounded.
Your bat barely misses the black bear. x2
The black bear bites you but does no damage.
The black bear claws you but does no damage.
The black bear closely misses you.
You hit the black bear.
The black bear is heavily wounded.
Your bat hits the black bear.
Your bat barely misses the black bear.
Your bat hits the black bear but does no damage.
3515 ||| CASTING Summon Small Mammal
Casting: Summon Small Mammal (safe; 10% risk of failure)
Confirm with . or Enter, or press ? or * to list all spells.
Your bat disappears in a puff of smoke!
The black bear bites your bat.
The black bear completely misses your bat.
The black bear claws your bat.
Your bat dies!
Your bat's corpse disappears in a puff of smoke!
3516 ||| CASTING Summon Small Mammal
Casting: Summon Small Mammal (safe; 10% risk of failure)
Confirm with . or Enter, or press ? or * to list all spells.
The black bear growls angrily.
Your bat hits the black bear but does no damage.
You hit the black bear.
The black bear is heavily wounded.
Your bat hits the black bear but does no damage.
The black bear bites you. The black bear barely misses you.
The black bear claws you.
You hit the black bear.
The black bear is severely wounded.
Your bat hits the black bear but does no damage.
The black bear goes berserk!
You catch the helpless black bear completely off-guard!
You hit the black bear.
The black bear is severely wounded.
The black bear bites you! The black bear claws you.
The black bear claws you but does no damage.
Your bat closely misses the black bear.
Your rat bites the black bear.
The black bear bites you.
You die...

## .### # ..## ..#
############..#....#
##.....##...r@(......
##..<.........h(#....#
#.........%%..b......#
#..[.....<............
#......)..............
#.....................
#..........###########
#..........#
##.........#


You could see a black bear (berserk, ally target), a friendly bat (summoned) and
a friendly rat (summoned).

Vanquished Creatures
  2 adders (D:2)
  4 dart slugs
  2 orcs
  2 bats (D:1)
  4 endoplasms
  A giant cockroach (D:1)
  7 goblins
  4 hobgoblins (D:1)
  3 jackals (D:1)
  3 quokkas
  4 ball pythons
  A frilled lizard (D:1)
  3 kobolds
  A rat (D:1)
41 creatures vanquished.

Vanquished Creatures (collateral kills)
  An adder (D:3)
  A worm (D:3)
  A dart slug (D:2)
  3 endoplasms
  A giant cockroach (D:1)
  A goblin (D:2)
  4 hobgoblins
  A kobold (D:1)
  2 frilled lizards (D:2)
15 creatures vanquished.

Vanquished Creatures (others)
  5 plants (D:2)
5 creatures vanquished.

Grand Total: 61 creatures vanquished

Notes
Turn   | Place    | Note
-------+----------+-------------------------------------------
     0 | D:1      | qw the Ghoul Summoner began the quest for the Orb.
     0 | D:1      | Reached XP level 1. HP: 14/14 MP: 2/2
     0 | D:1      | 0 ||| qw: Version: 0.1-a-113-g051387a
     0 | D:1      | 0 ||| qw: Game counter: 6991
     0 | D:1      | 0 ||| qw: Always use a shield: true
     0 | D:1      | 0 ||| qw: God list: Okawaru
     0 | D:1      | 0 ||| qw: Allow faded altars: false
     0 | D:1      | 0 ||| qw: Do Orc after D:15 true
     0 | D:1      | 0 ||| qw: Do second Lair branch before Depths: true
     0 | D:1      | 0 ||| qw: Lair rune preference: random
     0 | D:1      | 0 ||| qw: Plans: Normal
     0 | D:1      | 0 ||| PLANNING D:1-11
     7 | D:1      | 7 ||| Wielding weapon +0 hand axe.
    37 | D:1      | 37 ||| CASTING Summon Small Mammal
    38 | D:1      | 38 ||| CASTING Summon Small Mammal
    61 | D:1      | Reached skill level 1 in Axes
   178 | D:1      | 178 ||| CASTING Summon Small Mammal
   179 | D:1      | 179 ||| CASTING Summon Small Mammal
   184 | D:1      | Reached XP level 2. HP: 22/22 MP: 0/3
   313 | D:1      | 313 ||| CASTING Summon Small Mammal
   314 | D:1      | 314 ||| CASTING Summon Small Mammal
   315 | D:1      | 315 ||| CASTING Summon Small Mammal
   325 | D:1      | 325 ||| CASTING Summon Small Mammal
   326 | D:1      | Reached skill level 1 in Fighting
   364 | D:1      | 364 ||| CASTING Summon Small Mammal
   365 | D:1      | 365 ||| Stepping ~*~*~tactically~*~*~ (stealth).
   395 | D:1      | 395 ||| CASTING Summon Small Mammal
   399 | D:1      | HP: 5/23 [kobold/+0 dagger (3)]
   401 | D:1      | HP: 2/23 [kobold/+0 dagger (1)]
   690 | D:1      | 690 ||| CASTING Summon Small Mammal
   691 | D:1      | 691 ||| CASTING Summon Small Mammal
   692 | D:1      | 692 ||| CASTING Summon Small Mammal
   784 | D:1      | 784 ||| CASTING Summon Small Mammal
   785 | D:1      | 785 ||| CASTING Summon Small Mammal
   786 | D:1      | 786 ||| CASTING Summon Small Mammal
   866 | D:1      | 866 ||| CASTING Summon Small Mammal
   867 | D:1      | 867 ||| CASTING Summon Small Mammal
   868 | D:1      | 868 ||| CASTING Summon Small Mammal
   881 | D:1      | Reached XP level 3. HP: 28/28 MP: 1/4
   897 | D:1      | 897 ||| Stepping ~*~*~tactically~*~*~ (stealth).
   913 | D:1      | 913 ||| Stepping ~*~*~tactically~*~*~ (stealth).
   914 | D:1      | 914 ||| Stepping ~*~*~tactically~*~*~ (stealth).
   916 | D:1      | 916 ||| Stepping ~*~*~tactically~*~*~ (stealth).
   933 | D:1      | Found Liogh's Vocational Training.
   956 | D:1      | 956 ||| CASTING Summon Small Mammal
   957 | D:1      | 957 ||| CASTING Summon Small Mammal
   959 | D:1      | 959 ||| CASTING Summon Small Mammal
   960 | D:1      | 960 ||| CASTING Summon Small Mammal
   970 | D:1      | 970 ||| CASTING Summon Small Mammal
   978 | D:1      | 978 ||| CASTING Summon Small Mammal
   987 | D:1      | 987 ||| CASTING Summon Small Mammal
  1035 | D:1      | 1035 ||| CASTING Summon Small Mammal
  1036 | D:1      | 1036 ||| CASTING Summon Small Mammal
  1037 | D:1      | 1037 ||| CASTING Summon Small Mammal
  1158 | D:1      | 1158 ||| CASTING Summon Small Mammal
  1159 | D:1      | 1159 ||| CASTING Summon Small Mammal
  1160 | D:1      | 1160 ||| CASTING Summon Small Mammal
  1161 | D:1      | 1161 ||| CASTING Summon Small Mammal
  1202 | D:1      | 1202 ||| DROPPING +0 club.
  1216 | D:1      | 1216 ||| CASTING Summon Small Mammal
  1217 | D:1      | 1217 ||| CASTING Summon Small Mammal
  1218 | D:1      | 1218 ||| CASTING Summon Small Mammal
  1219 | D:1      | 1219 ||| CASTING Summon Small Mammal
  1297 | D:1      | 1297 ||| CASTING Summon Small Mammal
  1298 | D:1      | 1298 ||| CASTING Summon Small Mammal
  1299 | D:1      | 1299 ||| CASTING Summon Small Mammal
  1300 | D:1      | 1300 ||| CASTING Summon Small Mammal
  1370 | D:1      | 1370 ||| CASTING Summon Small Mammal
  1371 | D:1      | 1371 ||| CASTING Summon Small Mammal
  1372 | D:1      | 1372 ||| CASTING Summon Small Mammal
  1373 | D:1      | 1373 ||| CASTING Summon Small Mammal
  1461 | D:1      | 1461 ||| READING scroll labelled WEZONAGYEN.
  1462 | D:1      | 1462 ||| READING scroll labelled OKAMI XOHICO.
  1463 | D:1      | 1463 ||| READING scroll labelled GUNEEN DED TUO.
  1464 | D:1      | 1464 ||| DROPPING potion of magic.
  1479 | D:1      | 1479 ||| CASTING Summon Small Mammal
  1480 | D:1      | 1480 ||| CASTING Summon Small Mammal
  1481 | D:1      | 1481 ||| CASTING Summon Small Mammal
  1482 | D:1      | 1482 ||| CASTING Summon Small Mammal
  1576 | D:2      | 1576 ||| Stepping ~*~*~tactically~*~*~ (hiding).
  1637 | D:2      | 1637 ||| CASTING Summon Small Mammal
  1638 | D:2      | 1638 ||| CASTING Summon Small Mammal
  1639 | D:2      | 1639 ||| CASTING Summon Small Mammal
  1640 | D:2      | 1640 ||| CASTING Summon Small Mammal
  1683 | D:2      | 1683 ||| Stepping ~*~*~tactically~*~*~ (hiding).
  1785 | D:2      | 1785 ||| Stepping ~*~*~tactically~*~*~ (hiding).
  1792 | D:2      | 1792 ||| CASTING Summon Small Mammal
  1793 | D:2      | 1793 ||| CASTING Summon Small Mammal
  1822 | D:2      | 1822 ||| CASTING Summon Small Mammal
  1823 | D:2      | 1823 ||| CASTING Summon Small Mammal
  1824 | D:2      | 1824 ||| CASTING Summon Small Mammal
  1825 | D:2      | 1825 ||| CASTING Summon Small Mammal
  1884 | D:2      | 1884 ||| CASTING Summon Small Mammal
  1885 | D:2      | 1885 ||| CASTING Summon Small Mammal
  1886 | D:2      | 1886 ||| CASTING Summon Small Mammal
  1887 | D:2      | 1887 ||| CASTING Summon Small Mammal
  1933 | D:2      | Found a faded altar of an unknown god.
  1934 | D:2      | 1934 ||| Stepping ~*~*~tactically~*~*~ (stealth).
  1936 | D:2      | 1936 ||| CASTING Summon Small Mammal
  1937 | D:2      | 1937 ||| CASTING Summon Small Mammal
  1938 | D:2      | 1938 ||| CASTING Summon Small Mammal
  1939 | D:2      | 1939 ||| CASTING Summon Small Mammal
  2183 | D:2      | 2183 ||| CASTING Summon Small Mammal
  2184 | D:2      | 2184 ||| CASTING Summon Small Mammal
  2185 | D:2      | 2185 ||| CASTING Summon Small Mammal
  2186 | D:2      | 2186 ||| CASTING Summon Small Mammal
  2203 | D:2      | Reached XP level 4. HP: 20/36 MP: 2/5
  2340 | D:2      | 2340 ||| CASTING Summon Small Mammal
  2341 | D:2      | 2341 ||| CASTING Summon Small Mammal
  2342 | D:2      | 2342 ||| CASTING Summon Small Mammal
  2355 | D:2      | 2355 ||| CASTING Summon Small Mammal
  2356 | D:2      | 2356 ||| CASTING Summon Small Mammal
  2357 | D:2      | 2357 ||| CASTING Summon Small Mammal
  2359 | D:2      | 2359 ||| CASTING Summon Small Mammal
  2516 | D:2      | 2516 ||| Stepping ~*~*~tactically~*~*~ (stealth).
  2526 | D:2      | 2526 ||| CASTING Summon Small Mammal
  2527 | D:2      | 2527 ||| CASTING Summon Small Mammal
  2549 | D:2      | Found Irioq's Book Boutique.
  2632 | D:2      | 2632 ||| Stepping ~*~*~tactically~*~*~ (stealth).
  2665 | D:2      | 2665 ||| CASTING Summon Small Mammal
  2666 | D:2      | 2666 ||| CASTING Summon Small Mammal
  2667 | D:2      | 2667 ||| CASTING Summon Small Mammal
  2746 | D:2      | 2746 ||| CASTING Summon Small Mammal
  2747 | D:2      | 2747 ||| CASTING Summon Small Mammal
  2748 | D:2      | 2748 ||| CASTING Summon Small Mammal
  2749 | D:2      | 2749 ||| CASTING Summon Small Mammal
  2750 | D:2      | 2750 ||| CASTING Summon Small Mammal
  2854 | D:2      | 2854 ||| CASTING Summon Small Mammal
  2855 | D:2      | 2855 ||| CASTING Summon Small Mammal
  2856 | D:2      | 2856 ||| CASTING Summon Small Mammal
  2857 | D:2      | 2857 ||| CASTING Summon Small Mammal
  2858 | D:2      | 2858 ||| CASTING Summon Small Mammal
  2937 | D:2      | 2937 ||| Stepping ~*~*~tactically~*~*~ (stealth).
  2938 | D:2      | 2938 ||| Stepping ~*~*~tactically~*~*~ (stealth).
  2940 | D:2      | 2940 ||| CASTING Summon Small Mammal
  2941 | D:2      | 2941 ||| CASTING Summon Small Mammal
  2942 | D:2      | 2942 ||| CASTING Summon Small Mammal
  2944 | D:2      | 2944 ||| CASTING Summon Small Mammal
  2945 | D:2      | 2945 ||| Stepping ~*~*~tactically~*~*~ (stealth).
  2946 | D:2      | 2946 ||| CASTING Summon Small Mammal
  2999 | D:2      | 2999 ||| Stepping ~*~*~tactically~*~*~ (stealth).
  3000 | D:2      | 3000 ||| CASTING Summon Small Mammal
  3001 | D:2      | 3001 ||| CASTING Summon Small Mammal
  3002 | D:2      | 3002 ||| CASTING Summon Small Mammal
  3003 | D:2      | 3003 ||| CASTING Summon Small Mammal
  3005 | D:2      | 3005 ||| CASTING Summon Small Mammal
  3014 | D:2      | Reached skill level 3 in Axes
  3191 | D:2      | 3191 ||| UPGRADING to +0 leather armour.
  3201 | D:2      | 3201 ||| DROPPING +0 robe.
  3202 | D:2      | 3202 ||| READING scroll labelled OGUTOE TIYRO.
  3203 | D:2      | 3203 ||| READING scroll labelled PULUPSAENU.
  3204 | D:2      | 3204 ||| READING scroll labelled VOXTUS QUCLIVVE.
  3230 | D:3      | 3230 ||| CASTING Summon Small Mammal
  3231 | D:3      | 3231 ||| STAIRDANCE
  3243 | D:3      | 3243 ||| STAIRDANCE
  3279 | D:3      | 3279 ||| CASTING Summon Small Mammal
  3280 | D:3      | 3280 ||| CASTING Summon Small Mammal
  3281 | D:3      | 3281 ||| CASTING Summon Small Mammal
  3282 | D:3      | 3282 ||| CASTING Summon Small Mammal
  3283 | D:3      | 3283 ||| CASTING Summon Small Mammal
  3297 | D:3      | 3297 ||| CASTING Summon Small Mammal
  3301 | D:3      | 3301 ||| CASTING Summon Small Mammal
  3343 | D:3      | 3343 ||| CASTING Summon Small Mammal
  3344 | D:3      | 3344 ||| CASTING Summon Small Mammal
  3345 | D:3      | 3345 ||| CASTING Summon Small Mammal
  3346 | D:3      | 3346 ||| CASTING Summon Small Mammal
  3410 | D:3      | 3410 ||| CASTING Summon Small Mammal
  3411 | D:3      | 3411 ||| CASTING Summon Small Mammal
  3412 | D:3      | 3412 ||| CASTING Summon Small Mammal
  3413 | D:3      | 3413 ||| CASTING Summon Small Mammal
  3414 | D:3      | 3414 ||| CASTING Summon Small Mammal
  3420 | D:3      | 3420 ||| CASTING Summon Small Mammal
  3504 | D:3      | Noticed a black bear
  3505 | D:3      | 3505 ||| Stepping ~*~*~tactically~*~*~ (stealth).
  3506 | D:3      | 3506 ||| CASTING Summon Small Mammal
  3507 | D:3      | 3507 ||| CASTING Summon Small Mammal
  3508 | D:3      | 3508 ||| CASTING Summon Small Mammal
  3509 | D:3      | 3509 ||| CASTING Summon Small Mammal
  3515 | D:3      | 3515 ||| CASTING Summon Small Mammal
  3516 | D:3      | 3516 ||| CASTING Summon Small Mammal
  3519 | D:3      | HP: 6/36 [black bear (9)]
  3519 | D:3      | HP: 2/36 [black bear (4)]
  3519 | D:3      | Slain by a black bear

Levels and vault maps discovered:
D:1:      dpeg_arrival_houses_and_road, layout_basic, nicolae_shop_vocational
D:2:      layout_loops_ring, ebering_ecumenical_altar_hall, serial_shops,
          nicolae_shop_hallway_plus, serial_bayou_pond_b
D:3:      layout_rooms, serial_shops, nicolae_shop_bloodbath_and_beyond,
          grunt_ministairs_8, uniq_crazy_yiuf_cottage

Skill      XL: |  1  2  3  4 |
---------------+-------------+-----
Axes           | 1 2 3 |  3.1
Fighting       | 1 2 |  2.0
Throwing       | |  0.6
Dodging        | |  1.7
Stealth        | |  2.1
Spellcasting   | |  1.7
Summonings     | |  3.6

Action                   |  1- 3 |  4- 6 || total
-------------------------+-------+-------++-------
Melee: Hand axe          |   119 |    56 ||   175
       Punch             |     1 |       ||     1
Throw: Javelin           |     6 |     5 ||    11
 Cast: Summon Small Mamm |    63 |    51 ||   114
  Use: Scroll            |     3 |     3 ||     6
 Stab: Distracted        |       |     1 ||     1
       Sleeping          |       |     1 ||     1
Armor: Robe              |    24 |     6 ||    30
       Leather armour    |       |     9 ||     9
Dodge: Dodged            |    96 |    29 ||   125

Table legend:
 A = Non-vault XP
 B = Vault XP
 C = Vault XP percentage of total XP
 D = Non-vault monster count
 E = Vault monster count
 F = Vault count percentage of total count
                 A         B        C        D         E       F
            +---------+---------+-------+---------+---------+-------
      Total |     144 |       4 |   2.7 |      55 |       1 |   1.8
            +---------+---------+-------+---------+---------+-------
        D:1 |      58 |       0 |   0.0 |      32 |       0 |   0.0
        D:2 |      59 |       4 |   6.3 |      17 |       1 |   5.6
        D:3 |      27 |       0 |   0.0 |       6 |       0 |   0.0
            +---------+---------+-------+---------+---------+-------
